 Dungeon Crawl Stone Soup version 0.22-a0-247-gbddf880 (webtiles) character file.

19450 b5mith the Blocker (level 12, -6/165 HPs)
             Began as a Minotaur Berserker on Feb 24, 2018.
             Was the Champion of Trog.
             Killed by drain life
             ... invoked by a soul eater
             ... summoned by an orc high priest
              (14 damage)
             ... on level 2 of the Orcish Mines.
             The game lasted 00:38:02 (12669 turns).

b5mith the Blocker (Minotaur Berserker)            Turns: 12669, Time: 00:38:03

Health: -6/165     AC: 24    Str: 35    XL:     12   Next: 36%
Magic:  11/11      EV: 12    Int:  4    God:    Trog [******]
Gold:   1104       SH: 21    Dex: 10    Spells: 11/11 levels left

rFire    . . .     SeeInvis .   q - +1 falchion (flame)
rCold    . . .     Gourm    +   T - +0 large shield of Emeepylu {-Tele rCorr Str+3}
rNeg     . . .     Faith    .   H - +5 scale mail of the Heavens {rPois}
rPois    +         Spirit   .   (helmet restricted)
rElec    .         Reflect  .   (no cloak)
rCorr    +         Harm     .   F - +0 pair of gloves
MR       .....     NoTele   +   g - +0 pair of boots
Stlth    ..........             I - amulet of the gourmand
HPRegen  0.37/turn              d - +3 ring of protection
MPRegen  0.12/turn              y - +5 ring of protection

@: berserking, very quick
A: retaliatory headbutt, horns 2
a: Berserk, Trog's Hand, Brothers in Arms, Renounce Religion


You were on level 2 of the Orcish Mines.
You worshipped Trog.
Trog was exalted by your worship.
You were very full.

You visited 2 branches of the dungeon, and saw 13 of its levels.

You collected 1313 gold pieces.
You spent 209 gold pieces at shops.

Inventory:

Hand Weapons
 a - a +0 falchion
 q - a +1 falchion of flaming (weapon)
Missiles
 i - 21 tomahawks (quivered)
 v - 8 javelins
Armour
 g - a +0 pair of boots (worn)
 k - a +0 large shield
 F - a +0 pair of gloves (worn)
 H - the +5 scale mail of the Heavens (worn) {rPois}
   (You found it on level 6 of the Dungeon)

   It protects you from poison.
 J - a +2 ring mail of fire resistance
 T - the +0 large shield of Emeepylu (worn) {-Tele rCorr Str+3}
   (You bought it in a shop on level 2 of the Orcish Mines)

   It affects your strength (+3).
   It prevents most forms of teleportation.
   It protects you from acid and corrosion.
Jewellery
 d - a +3 ring of protection (left hand)
 o - an uncursed ring of ice
 p - an uncursed ring of magical power
 y - a +5 ring of protection (right hand)
 I - an amulet of the gourmand (around neck)
 M - an uncursed ring of resist corrosion
 P - an uncursed ring of poison resistance
Wands
 D - a wand of acid (8)
 G - a wand of random effects (32)
 N - a wand of polymorph (10)
Scrolls
 e - 4 scrolls of enchant weapon
 f - a scroll of acquirement {unknown}
 m - 9 scrolls of teleportation
 u - a scroll of amnesia {unknown}
 w - 3 scrolls of remove curse {@r2}
 z - 2 scrolls of enchant armour {unknown}
 L - a scroll of summoning {unknown}
 R - 3 scrolls of identify {@r1}
Potions
 h - 3 potions of cancellation
 j - 2 potions of mutation {unknown}
 l - 6 potions of curing {@q1}
 n - 6 potions of flight
 r - a potion of ambrosia
 s - a potion of brilliance {unknown}
 t - 4 potions of lignification
 x - a potion of resistance {unknown}
 A - a potion of degeneration {unknown}
 C - a potion of invisibility {unknown}
 E - a potion of berserk rage {unknown}
 K - 4 potions of haste {unknown}
 O - 3 potions of heal wounds {unknown}
 S - a potion of agility {unknown}
Miscellaneous
 b - a box of beasts
 Q - a phial of floods
Comestibles
 c - 24 rations


   Skills:
 + Level 11.3 Fighting
 + Level 11.3 Long Blades
 + Level 10.9 Armour
 + Level 10.1 Dodging
 - Level 12.0 Shields


You had 11 spell levels left.
You didn't know any spells.

Dungeon Overview and Level Annotations

Branches:
Dungeon (11/15)            Temple (0/1) D:4             Orc (2/2) D:11
    Elf (0/3) Orc:2
   Lair: D:8-11

Altars:
Ashenzari
Dithmenos
Elyvilon
Fedhas
Gozag
Kikubaaqudgha
Makhleb
Okawaru
Ru
Trog
Uskayaw
Wu Jian
Xom
Zin
Beogh

Shops:
D:7 *   Orc:2 [[


Innate Abilities, Weirdness & Mutations

You reflexively headbutt those who attack you in melee.
You have a pair of horns on your head.


Message History

Your headbutt misses the sixfirhy.
The sixfirhy is moderately wounded.
The soul eater draws from the surrounding life force!
* * * LOW HITPOINT WARNING * * *
You miss the sixfirhy.
The sixfirhy is lightly wounded.
The sixfirhy closely misses you. You furiously retaliate!
You headbutt the sixfirhy! The sixfirhy hits you.
* * * LOW HITPOINT WARNING * * *
The sixfirhy shocks you!
* * * LOW HITPOINT WARNING * * *
You closely miss the sixfirhy. Your headbutt misses the sixfirhy.
The sixfirhy is moderately wounded.
You block the sixfirhy's attack. You block the rust devil's attack.
The sixfirhy hits you but does no damage.
You slash the sixfirhy! You burn the sixfirhy.
The sixfirhy is almost dead.
You block the sixfirhy's attack.
The soul eater draws from the surrounding life force!
You die...

#.......###'#...............## ##
.......# ...##)............#.###.
.......#.....#.).._...........#..
.......#..8. #.............#..##.
.......#.._ #.......#.........#.
.......##. ##......#...........#
........#####.......##...........
...........................#.....
................@................
...............43o.....#.......#.
...............3...............##
.............[..oo##########...##
.........)....)..## ###...
.....######..)..o# ##..
.....#_.[.'.....#### #..
.....#...)#.....#)8##'## ##.
.....######...8.'oooo... #.


You could see a soul eater, a rust devil, a sixfirhy, an orc warrior and 3 orcs.

Vanquished Creatures
  The ghost of partyfoot3 the Fighter, a journeyman HOFi of Beogh (Orc:2)
  Fannar (D:10)
  A hydra (D:10)
  3 two-headed ogres
  Nergalle (D:11)
  Pikel (D:4)
  A cyclops (D:10)
  A centaur zombie (D:11)
  Joseph (D:7)
  A gargoyle (D:11)
  Psyche (D:9)
  2 hornets (D:10)
  3 trolls
  Prince Ribbit (D:8)
  2 dream sheep (D:10)
  2 hippogriffs
  A wraith (D:11)
  2 yaks (D:10)
  A shadow (D:6)
  Eustachio (D:6)
  2 hungry ghosts
  5 vampire mosquitoes (D:10)
  An insubstantial wisp (D:10)
  A warg (D:11)
  3 water moccasins
  4 phantoms
  2 black bears (D:8)
  A hornet zombie (D:9)
  15 orc warriors
  4 sky beasts
  The ghost of clarjon1 the Shield-Bearer, an amateur MiFi (D:3)
  A slave (D:4)
  3 ice beasts
  9 ogres
  8 centaurs
  3 big kobolds (D:10)
  Blork the orc (D:4)
  7 bullfrogs
  8 scorpions
  16 killer bees
  2 howler monkeys
  2 crimson imps
  3 quasits
  2 bullfrog zombies
  7 hounds
  8 jellies
  15 orc priests
  13 orc wizards
  Crazy Yiuf (D:4)
  2 bullfrog skeletons (D:8)
  2 iguanas
  Terence (D:3)
  6 worker ants
  2 hound skeletons
  A howler monkey zombie (D:4)
  2 worker ant zombies
  8 gnolls (D:10)
  A howler monkey skeleton (D:4)
  21 adders
  4 shadow imps
  3 oozes
  2 adder skeletons
  5 worms
  2 dart slugs
  6 leopard geckos
  54 orcs
  4 bats
  4 giant cockroaches
  4 goblins
  6 hobgoblins
  6 jackals
  10 kobolds
  5 quokkas
  5 ball pythons
  5 frilled lizards
  A leopard gecko skeleton (D:7)
  A quokka skeleton (D:7)
  A quokka zombie (D:9)
  7 rats
357 creatures vanquished.

Vanquished Creatures (others)
  3 slaves (D:4)
  A scorpion (D:4)
  An orc wizard (D:4)
  A leopard gecko (D:4)
  2 orcs (D:4)
  A quokka (D:4)
  A fungus (D:4)
10 creatures vanquished.

Grand Total: 367 creatures vanquished

Notes
Turn   | Place    | Note
-------+----------+-------------------------------------------
     0 | D:1      | b5mith the Minotaur Berserker began the quest for the Orb.
     0 | D:1      | Reached XP level 1. HP: 19/19 MP: 0/0
    70 | D:1      | Reached XP level 2. HP: 23/27 MP: 1/1
   683 | D:2      | Reached XP level 3. HP: 23/33 MP: 2/2
   723 | D:2      | Found a sacrificial altar of Ru.
   753 | D:2      | Found an ancient bone altar of Kikubaaqudgha.
   754 | D:2      | Reached ** piety under Trog
   779 | D:2      | Reached skill level 1 in Shields
   847 | D:2      | Reached XP level 4. HP: 12/40 MP: 3/3
  1331 | D:2      | Reached skill level 2 in Shields
  1769 | D:3      | Found a faded altar of an unknown god.
  1862 | D:3      | Noticed Terence
  1873 | D:3      | Killed Terence
  1873 | D:3      | Reached XP level 5. HP: 42/47 MP: 4/4
  1877 | D:3      | Noticed clarjon1's ghost (amateur MiFi)
  1894 | D:3      | Killed clarjon1's ghost
  1894 | D:3      | Reached skill level 3 in Shields
  2299 | D:3      | Reached XP level 6. HP: 53/53 MP: 5/5
  2381 | D:4      | Noticed a slave
  2391 | D:4      | Noticed Pikel
  2392 | D:4      | Noticed a slave
  2395 | D:4      | Killed a slave
  2397 | D:4      | Noticed a slave
  2427 | D:4      | Killed Pikel
  2427 | D:4      | Reached skill level 5 in Fighting
  2427 | D:4      | Reached skill level 5 in Long Blades
  2427 | D:4      | Reached skill level 5 in Shields
  2427 | D:4      | Reached XP level 7. HP: 39/61 MP: 6/6
  2564 | D:4      | Reached *** piety under Trog
  2746 | D:4      | Found a staircase to the Ecumenical Temple.
  2748 | D:4      | Found a burning altar of Makhleb.
  2976 | D:4      | Noticed Blork the orc
  3007 | D:4      | Killed Blork the orc
  3007 | D:4      | Reached skill level 5 in Armour
  3007 | D:4      | Reached skill level 6 in Shields
  3041 | D:4      | Reached XP level 8. HP: 54/70 MP: 7/7
  3092 | D:4      | Found an iron altar of Okawaru.
  3109 | D:4      | Found a blossoming altar of Fedhas.
  3249 | D:4      | Found a hide-covered altar of Uskayaw.
  3412 | D:4      | Found a runed door.
  3564 | D:4      | Noticed Crazy Yiuf
  3569 | D:4      | Killed Crazy Yiuf
  3618 | D:5      | Entered Level 5 of the Dungeon
  3678 | D:5      | Reached skill level 5 in Dodging
  3810 | D:5      | Reached skill level 7 in Shields
  3826 | D:5      | Reached **** piety under Trog
  4470 | D:6      | Found a bloodstained altar of Trog.
  4474 | D:6      | Found an opulent altar of Gozag.
  4496 | D:6      | Found an ornate altar of the Wu Jian Council.
  4555 | D:6      | Noticed Eustachio
  4580 | D:6      | Killed Eustachio
  4580 | D:6      | Reached skill level 8 in Shields
  4580 | D:6      | Reached XP level 9. HP: 75/78 MP: 8/8
  5152 | D:6      | Found a glowing silver altar of Zin.
  5409 | D:6      | Reached skill level 9 in Shields
  5608 | D:6      | Got a heavily runed scale mail
  5698 | D:6      | Identified the +5 scale mail of the Heavens {rPois} (You found it on level 6 of the Dungeon)
  5797 | D:6      | Found a shimmering altar of Xom.
  5990 | D:7      | Reached XP level 10. HP: 87/88 MP: 9/9
  6133 | D:7      | Noticed Joseph
  6163 | D:7      | Killed Joseph
  6163 | D:7      | Reached skill level 10 in Shields
  6296 | D:7      | Found Zeohug's Assorted Antiques.
  6520 | D:7      | Noticed a two-headed ogre
  6544 | D:6      | Killed a two-headed ogre
  6828 | D:7      | Reached ***** piety under Trog
  7008 | D:8      | Noticed a two-headed ogre
  7028 | D:7      | Killed a two-headed ogre
  7565 | D:8      | Found a shattered altar of Ashenzari.
  7685 | D:8      | Reached skill level 11 in Shields
  8156 | D:8      | Noticed Prince Ribbit
  8185 | D:8      | Killed Prince Ribbit
  8399 | D:9      | Noticed Psyche
  8418 | D:9      | Killed Psyche
  8418 | D:9      | Reached XP level 11. HP: 97/97 MP: 10/10
  8957 | D:9      | Found a white marble altar of Elyvilon.
  8993 | D:9      | Noticed a two-headed ogre
  9003 | D:9      | Killed a two-headed ogre
  9027 | D:10     | Entered Level 10 of the Dungeon
  9058 | D:10     | Noticed Fannar
  9106 | D:10     | Killed Fannar
  9591 | D:10     | Reached skill level 10 in Fighting
  9591 | D:10     | Reached skill level 10 in Long Blades
  9996 | D:10     | Found a shadowy altar of Dithmenos.
 10208 | D:10     | Noticed a three-headed hydra
 10225 | D:10     | Killed a one-headed hydra
 10225 | D:10     | Reached skill level 10 in Armour
 10332 | D:11     | Reached skill level 12 in Shields
 10664 | D:11     | Noticed Nergalle
 10667 | D:11     | Reached XP level 12. HP: 72/108 MP: 11/11
 10682 | D:11     | Killed Nergalle
 11165 | D:11     | Found a staircase to the Orcish Mines.
 11171 | Orc:1    | Entered Level 1 of the Orcish Mines
 11383 | Orc:2    | Entered Level 2 of the Orcish Mines
 11572 | Orc:2    | Noticed partyfoot3's ghost (journeyman HOFi)
 11622 | Orc:2    | Killed partyfoot3's ghost
 11622 | Orc:2    | Reached skill level 10 in Dodging
 11858 | Orc:2    | Found a roughly hewn altar of Beogh.
 11880 | Orc:2    | Found a roughly hewn altar of Beogh.
 11925 | Orc:2    | Reached ****** piety under Trog
 12066 | Orc:2    | Received a gift from Trog
 12076 | Orc:2    | Found a roughly hewn altar of Beogh.
 12164 | Orc:2    | Found a roughly hewn altar of Beogh.
 12185 | Orc:2    | Found Ziurhiwu's Antique Armour Boutique.
 12218 | Orc:2    | Bought a dazzling large shield for 209 gold pieces
 12228 | Orc:2    | Identified the cursed +0 large shield of Emeepylu {-Tele rCorr Str+3} (You bought it in a shop on level 2 of the Orcish Mines)
 12315 | Orc:2    | Found a staircase to the Elven Halls.
 12347 | Orc:2    | Found a roughly hewn altar of Beogh.
 12557 | Orc:2    | Found a roughly hewn altar of Beogh.
 12559 | Orc:2    | Found Vebossyg's Armour Shoppe.
 12646 | Orc:2    | Noticed an orc high priest
 12667 | Orc:2    | HP: 8/165 [sixfirhy[an orc high priest] (11)]
 12669 | Orc:2    | Killed from afar by a soul eater

Vault maps used:
D:1:      dpeg_arrival_court, minivault_5
D:2:      nicolae_ru_awakened_eye, kiku_gazebo_garden_becter, first_ration
D:3:      chequers_ecumenical_altar_simple, eino_tiny_chamber, uniq_terence
D:4:      nicolae_overflow_quartered_altars, minmay_temple_entry_butterflies,
          minmay_snake_closets, uniq_pikel, uniq_crazy_yiuf_cottage,
          uniq_blork_the_orc
D:5:      palyth_stone_intersect, minivault_1, minmay_misc_feat_chi
D:6:      kennysheep_windowed_halls, lemuel_coloured_pillars_altar,
          old_standard_altar, chequers_temple_overflow_statue_of_worship,
          old_standard_altar, uniq_eustachio
D:7:      serial_shops, nicolae_shop_waterfront, uniq_joseph
D:8:      lemuel_doored_altar, uniq_prince_ribbit1
D:9:      kennysheep_little_box, uniq_psyche
D:10:     basic_altar, hangedman_ranch, pond, uniq_fannar
D:11:     lair_entry_dummy, erik_orc_3, minmay_misc_feat_tiny, uniq_nergalle
Orc:2:    grunt_orc_community_town_hall, grunt_orc_community_big_house_2,
          grunt_orc_community_big_house_1, grunt_orc_community_house_2,
          grunt_orc_community_house_1, grunt_orc_community_house_3,
          grunt_orc_community_house_3, grunt_orc_community_house_2, basic_altar

Skill      XL: |  1  2  3  4  5  6  7  8  9 10 11 12 |
---------------+-------------------------------------+-----
Long Blades    | 4 5 6 8 9 10 11 | 11.3
Fighting       | 4 5 6 8 9 10 11 | 11.3
Armour         | 3 4 5 6 7 8 10 | 10.9
Shields        | 1 2 3 5 6 8 9 11 12 | 12.0
Dodging        | 3 4 5 6 8 9 10 | 10.1

Action                   |  1- 3 |  4- 6 |  7- 9 | 10-12 || total
-------------------------+-------+-------+-------+-------++-------
Melee: Falchion          |    53 |   145 |   557 |  1022 ||  1777
       Headbutt          |    20 |    23 |   106 |   247 ||   396
Throw: Tomahawk          |       |       |       |    12 ||    12
Invok: Berserk           |       |     2 |     1 |     4 ||     7
Evoke: Box of beasts     |       |       |       |     1 ||     1
  Use: Scroll            |       |       |     6 |     6 ||    12
       Potion            |       |       |       |     6 ||     6
  Eat: Chunk             |       |     5 |    11 |    40 ||    56
       Ration            |       |       |     1 |     1 ||     2
Armor: Animal skin       |     7 |       |       |       ||     7
       Scale mail        |       |    34 |   196 |   341 ||   571
Dodge: Dodged            |    23 |    23 |   151 |   264 ||   461
Block: Large shield      |    10 |   106 |   544 |   915 ||  1575
       Rpst.: Falchion   |     6 |     7 |    49 |    48 ||   110

Table legend:
 A = Spawn XP
 B = Non-spawn XP
 C = Spawn XP percentage of total XP
 D = Spawn monster count
 E = Non-spawn monster count
 F = Spawn count percentage of total count
 G = Total turns spent on level
                    A         B        C        D         E        F      G
               +---------+---------+-------+---------+---------+-------+---------
         Total |       0 |   27787 |   0.0 |       0 |     356 |   0.0 | 12669
               +---------+---------+-------+---------+---------+-------+---------
           D:1 |       0 |      31 |   0.0 |       0 |      19 |   0.0 |   656
           D:2 |       0 |      91 |   0.0 |       0 |      17 |   0.0 |  1020
           D:3 |       0 |     261 |   0.0 |       0 |      27 |   0.0 |   702
           D:4 |       0 |    1355 |   0.0 |       0 |      35 |   0.0 |  1240
           D:5 |       0 |     499 |   0.0 |       0 |      14 |   0.0 |   762
           D:6 |       0 |    4072 |   0.0 |       0 |      49 |   0.0 |  1780
           D:7 |       0 |    2327 |   0.0 |       0 |      20 |   0.0 |  1085
           D:8 |       0 |    2005 |   0.0 |       0 |      22 |   0.0 |  1097
           D:9 |       0 |    2225 |   0.0 |       0 |      20 |   0.0 |   685
          D:10 |       0 |    6763 |   0.0 |       0 |      46 |   0.0 |  1279
          D:11 |       0 |    3354 |   0.0 |       0 |      32 |   0.0 |   865
         Orc:1 |       0 |     243 |   0.0 |       0 |       2 |   0.0 |   212
         Orc:2 |       0 |    4561 |   0.0 |       0 |      53 |   0.0 |  1286
               +---------+---------+-------+---------+---------+-------+---------
